 Dungeon Crawl Stone Soup version 0.30.1 (webtiles) character file.

Game seed: 15797628925856922903

4246 tizbic2 the Gusty (level 10, 0/83 HPs)
             Began as a Pale Draconian Brigand on July 5, 2023.
             Was a Priest of the Shining One.
             Slain by an orc
             ... wielding a +0 halberd
              (4 damage)
             ... in a bailey.
             The game lasted 00:30:27 (9521 turns).

tizbic2 the Gusty (Pale Draconian Brigand)          Turns: 9521, Time: 00:30:28

Health: 0/83       AC:  8    Str: 15    XL:     10   Next: 9%
Magic:  18/18      EV: 10    Int: 11    God:    the Shining One [***...]
Gold:   625        SH: 15    Dex: 16    Spells: 20/20 levels left

rFire   + . .        n - +1 morningstar (heavy)
rCold   . . .        F - +1 tower shield
rNeg    + . .        (body armour unavailable)
rPois   .            (helmet restricted)
rElec   .            L - scarf {repulsion}
rCorr   .            (no gloves)
SInv    .            o - +0 pair of boots
Will    .....        a - amulet of faith
Stlth   +            D - ring of protection from fire
HPRegen 0.33/turn    (no ring)
MPRegen 0.16/turn

%: repel missiles, faith
@: glowing
A: breathe steam, AC +7, unfitting armour, cold-blooded, steam resistance
a: Breathe Steam, Renounce Religion, Divine Shield, Cleansing Flame


You were in a bailey.
You worshipped the Shining One.
The Shining One was most pleased with you.
You visited 2 branches of the dungeon, and saw 11 of its levels.
You also visited: Sewer, Ossuary and Bailey.

You collected 625 gold pieces.

Inventory:

Hand Weapons
 l - a +3 dagger of venom
 n - a +1 heavy morningstar (weapon)
 A - the +3 mace "Wikimem" {spect, Str+2 Dex+4 Stlth-}
   (You found it on level 4 of the Dungeon)

   Str:       It affects your strength (+2).
   Dex:       It affects your dexterity (+4).
   Stlth:     It makes you less stealthy.
 G - a +1 falchion of protection
 T - a +5 dagger of freezing
 U - a +4 great sword
Missiles
 c - 29 poisoned darts
 d - 2 curare-tipped darts
 e - 12 boomerangs (quivered)
 j - 5 javelins
 w - a throwing net
 V - 4 atropa-tipped darts
Armour
 b - a +0 cloak
 o - a +0 pair of boots (worn)
 F - a +1 tower shield (worn)
 L - a scarf of repulsion (worn)
Magical Staves
 v - a staff of conjuration
 R - a staff of poison
Jewellery
 a - an amulet of faith (around neck)
 D - a ring of protection from fire (left hand)
 S - a ring of positive energy
Wands
 q - a wand of charming (19)
 r - a wand of digging (4)
 y - a wand of roots (13)
 B - a wand of quicksilver (15)
 C - a wand of flame (34)
 X - a wand of polymorph (5)
Scrolls
 h - 3 scrolls of noise
 m - a scroll of vulnerability
 p - 4 scrolls of fear
 t - 5 scrolls of blinking
 H - a scroll of brand weapon
 J - a scroll of identify
 M - a scroll of enchant armour
 N - 2 scrolls of fog
 P - 2 scrolls of immolation
Potions
 f - 2 potions of lignification {unknown}
 g - a potion of resistance {unknown}
 i - a potion of ambrosia
 k - 3 potions of curing
 s - 4 potions of mutation {unknown}
 u - a potion of attraction
 x - 5 potions of haste
 z - 4 potions of heal wounds
 E - 2 potions of flight {unknown}
 I - 4 potions of invisibility
 K - 2 potions of brilliance {unknown}
 O - 2 potions of might {unknown}
 W - a potion of cancellation


   Skills:
 + Level 6.0 Fighting
 - Level 3.7(5.3) Short Blades
 - Level 5.7(6.3) Long Blades
 + Level 1.4 Maces & Flails
 - Level 2.2 Throwing
 - Level 3.5 Dodging
 - Level 3.6 Stealth
 * Level 5.2 Shields
 * Level 5.7 Spellcasting
 * Level 6.4 Air Magic
 + Level 3.7 Invocations


You had 20 spell levels left.
You didn't know any spells.
Your spell library contained the following spells:

 Spells                   Type           Power      Damage    Failure   Level
 Vhi's Electric Charge    Tloc/Air       20%        N/A       85%         3
 Apportation              Tloc           6%         N/A       90%         1
 Kiss of Death            Conj/Necr      12%        2d6       90%         1
 Necrotise                Necr           12%        1d4       90%         1
 Summon Small Mammal      Summ           12%        N/A       90%         1
 Confusing Touch          Hex            3%         N/A       99%         3
 Dispel Undead            Necr           3%         3d7       100%        4
 Arcjolt                  Conj/Air       5%         1d15      100%        5
 Plasma Beam              Fire/Air       5%         2x1d17    100%        6
 Maxwell's Capacitive Co  Air            8%         ∞         100%        8


Dungeon Overview and Level Annotations

Branches:
Dungeon (10/15)            Temple (1/1) D:5             Orc (0/2) D:9
  Sewer (visited)         Ossuary (visited)          Bailey (1/1)
   Lair: D:8-11

Altars:
Ashenzari
Cheibriados
Dithmenos
Elyvilon
Fedhas
Gozag
Hepliaklqana
Kikubaaqudgha
Makhleb
Nemelex Xobeh
Okawaru
Qazlal
Ru
Sif Muna
Trog
Uskayaw
Vehumet
Wu Jian
Xom
Yredelemnul
Zin
The Shining One


Innate Abilities, Weirdness & Mutations

You can breathe blasts of scalding, opaque steam.
Your pale cyan-grey scales are hard. (AC +7)
You cannot fit into any form of body armour.
You are cold-blooded and may be slowed by cold attacks.
You are immune to the effects of steam.


Message History

The centaur hits you from afar with a +0 halberd!
* * * LOW HITPOINT WARNING * * *
You block the orc's attack. x2; The orc hits you but does no damage. x2
The centaur throws a javelin.
The javelin pierces through you.
* * * LOW HITPOINT WARNING * * *
The orc hits you but does no damage.
The orc hits you from afar with a +0 trident.
* * * LOW HITPOINT WARNING * * *
The orc closely misses you. The orc barely misses you.
The centaur hits you from afar with a +0 halberd.
* * * LOW HITPOINT WARNING * * *
You feel much better.
The centaur throws a javelin.
The javelin barely misses you. You block the orc's attack. x2
The orc barely misses you. You block the orc's attack.
You barely miss the orc. You block the centaur's attack.
The centaur closely misses you. The orc barely misses you.
The orc hits you but does no damage. x2; You block the orc's attack.
The centaur hits you from afar with a +0 halberd.
The orc barely misses you. The orc closely misses you.
You block the orc's attack. x2; The centaur throws a javelin.
The javelin closely misses you.
You hit the orc but do no damage.
You tail-slap the orc, but do no damage.
The centaur throws a javelin.
The javelin barely misses you.
You block the orc's attack. x3; The orc hits you but does no damage.
The centaur hits you from afar with a +0 halberd!
* * * LOW HITPOINT WARNING * * *
The orc barely misses you.
The orc hits you from afar with a +0 halberd.
* * * LOW HITPOINT WARNING * * *
The orc closely misses you. The orc hits you with a +0 trident.
* * * LOW HITPOINT WARNING * * *
The centaur throws a javelin.
The javelin closely misses you. The orc hits you with a +0 trident.
* * * LOW HITPOINT WARNING * * *
You block the orc's attack.
The orc hits you from afar with a +0 trident.
* * * LOW HITPOINT WARNING * * *
The orc hits you from afar with a +0 halberd.
You die...

##....≈≈≈≈≈≈≈≈≈...≈
#.⌠.≈≈≈.......≈≈..≈
#..≈≈..≈≈≈≈≈≈≈....≈
#.≈≈.≈≈≈.....≈≈≈...
##.≈.≈≈..≈≈≈≈≈..≈≈..
#.≈≈.≈.≈≈≈...≈≈≈.≈≈.
#o≈.≈≈.≈..⌠.⌠..≈≈.≈.
#.≈....≈..∩∩∩.....≈.
#.≈@≈≈.≈..⌠.⌠..≈≈.≈.
#c≈≈o≈.≈≈≈...≈≈≈.≈≈.
##o≈o≈≈))≈≈≈≈≈.)≈≈..
#o≈≈o≈≈≈.....≈≈≈...
#.o≈≈oc≈≈≈≈≈≈≈....≈
#.⌠.≈≈≈.......≈≈..≈
##....≈≈≈≈≈≈≈≈≈...≈
#####............≈
##########+###


You could see 2 centaurs and 8 orcs.

Vanquished Creatures
  Maggie (D:7)
  A troll (D:9)
  A wyvern (D:9)
  A steam dragon (D:7)
  3 wargs (D:9)
  Duvessa (D:4)
  An acid dragon (D:9)
  2 orc warriors
  A sky beast (D:7)
  3 ogres
  3 centaurs
  A phantom (D:3)
  A kobold brigand (D:7)
  5 bullfrogs
  2 scorpions
  A water moccasin zombie (D:5)
  A wyvern skeleton (D:5)
  4 wights (D:7)
  Dowan (D:4)
  4 howler monkeys (D:8)
  2 bullfrog zombies (D:5)
  2 centaur zombies (Ossuary)
  A centaur skeleton (D:5)
  A jelly (D:7)
  5 orc priests
  4 sleepcaps
  3 hounds
  2 iguanas (D:5)
  2 scorpion zombies (D:5)
  5 orc wizards
  4 mummies (Ossuary)
  9 adders
  A river rat (D:3)
  3 white imps
  An adder skeleton (D:5)
  An adder zombie (D:5)
  3 worms
  3 dart slugs
  30 orcs
  8 endoplasms
  7 giant cockroaches
  11 goblins
  8 hobgoblins
  7 jackals
  9 kobolds
  11 quokkas
  17 ball pythons
  6 bats
  16 frilled lizards
  2 goblin zombies (Ossuary)
  2 hobgoblin zombies (Ossuary)
  A kobold zombie (Ossuary)
  An orc zombie (Ossuary)
  10 rats
236 creatures vanquished.

Vanquished Creatures (others)
  An orc (Bailey)
1 creature vanquished.

Grand Total: 237 creatures vanquished

Notes
Turn   | Place    | Note
-------+----------+-------------------------------------------
     0 | D:1      | tizbic2 the Draconian Brigand began the quest for the Orb.
     0 | D:1      | Reached XP level 1. HP: 17/17 MP: 1/1
    63 | D:1      | Reached skill level 1 in Dodging
   152 | D:1      | Reached XP level 2. HP: 25/25 MP: 2/2
   218 | D:1      | Reached skill level 1 in Long Blades
   331 | D:1      | Reached XP level 3. HP: 29/30 MP: 3/3
   731 | D:2      | Found a broken altar of Ashenzari.
   834 | D:2      | Found a faded altar of an unknown god.
  1142 | D:2      | Reached XP level 4. HP: 37/37 MP: 4/4
  1577 | D:3      | Noticed a phantom
  1613 | D:3      | Killed a phantom
  1614 | D:3      | Reached XP level 5. HP: 21/45 MP: 5/5
  1999 | D:3      | Found a glowing drain.
  2040 | D:3      | Reached skill level 1 in Spellcasting
  2124 | Sewer    | Entered a sewer
  2528 | Sewer    | Reached XP level 6. HP: 31/51 MP: 7/7
  3336 | D:4      | Your scales start taking on a pale cyan-grey colour.
  3336 | D:4      | Reached XP level 7. HP: 48/58 MP: 9/9
  3336 | D:4      | Gained mutation: You are immune to the effects of steam.
                  | [Pale Draconian growth]
  3404 | D:4      | Identified the +3 mace "Wikimem" {spect, Str+2 Dex+4
                  | Stlth-}
  3506 | D:4      | Noticed Dowan
  3507 | D:4      | Noticed Duvessa
  3535 | D:4      | Killed Dowan
  3538 | D:4      | Killed Duvessa
  3539 | D:4      | Reached skill level 1 in Air Magic
  3810 | D:5      | Entered Level 5 of the Dungeon
  4088 | D:5      | Found a staircase to the Ecumenical Temple.
  4109 | Temple   | Entered the Ecumenical Temple
  4467 | Temple   | Became a worshipper of the Shining One
  4524 | D:5      | Reached XP level 8. HP: 67/67 MP: 12/12
  4869 | D:5      | Found a hide-covered altar of Uskayaw.
  4923 | D:5      | Found a hazy altar of Hepliaklqana.
  5050 | D:5      | Reached skill level 1 in Shields
  5792 | D:6      | Reached skill level 1 in Invocations
  6133 | D:7      | Reached skill level 5 in Long Blades
  6303 | D:7      | Reached skill level 5 in Fighting
  6303 | D:7      | Reached * piety under the Shining One
  6455 | D:7      | Found a sand-covered staircase.
  6459 | Ossuary  | Entered an ossuary
  6537 | Ossuary  | Reached XP level 9. HP: 74/74 MP: 15/15
  6602 | Ossuary  | Reached ** piety under the Shining One
  6976 | D:7      | Reached skill level 5 in Air Magic
  7023 | D:7      | Reached *** piety under the Shining One
  7574 | D:7      | Identified the +4 chain mail of Wun Qaew {rC++}
  7576 | D:7      | Noticed Maggie
  7608 | D:7      | Killed Maggie
  7609 | D:7      | Reached skill level 5 in Spellcasting
  8843 | D:9      | Reached skill level 1 in Maces & Flails
  8978 | D:9      | Found a staircase to the Orcish Mines.
  8990 | D:9      | Noticed a troll
  8993 | D:9      | Killed a troll
  8994 | D:9      | Reached skill level 5 in Shields
  8994 | D:9      | Reached XP level 10. HP: 78/83 MP: 18/18
  9484 | D:10     | Entered Level 10 of the Dungeon
  9484 | D:10     | Found a flagged portal.
  9490 | Bailey   | Entered a bailey
  9521 | Bailey   | HP: 4/83 [orc/+0 trident (4)]
  9521 | Bailey   | Slain by an orc

Illustrated notes

Levels and vault maps discovered:
D:1:      tarquinn_simple_flora_water_a, layout_loops_cross
D:2:      layout_basic, serial_forest, infiniplex_forest_lined_1,
          infiniplex_forest_end_double, infiniplex_forest_side_room,
          infiniplex_forest_end_double, infiniplex_forest_clump_curved,
          infiniplex_forest_corner_1, infiniplex_forest_lined_corner,
          infiniplex_forest_end_3, basic_altar,
          hellmonk_ecumenical_altar_zigzags
D:3:      minmay_wonky_spiral, layout_loops_ring, portal_sewer_entry_e,
          minmay_misc_feat_rugged
D:4:      layout_rooms, uniq_duvessa
D:5:      layout_loops_corners, nicolae_hepliaklqana_hazy_memory,
          nicolae_uskayaw_murder_on_the_dancefloor,
          minmay_temple_entry_large_hall, serial_undead, serial_undead_d,
          serial_undead_d, serial_undead_c, serial_undead_c, serial_undead_b
D:6:      layout_rooms, hex_tiny
D:7:      layout_loops_ring, nicolae_ossuary_entry_false_entrances,
          minmay_misc_feat_iff, minmay_misc_feat_pillars, minmay_crossroads,
          uniq_maggie
D:8:      layout_loops_ring
D:9:      layout_loops_ring, minmay_orc_entry_guard_dogs
D:10:     layout_small_grid, enter_bailey_2, st_stairs_7, serial_nicolae_subway,
          nicolae_sub_station_metal, nicolae_sub_station_stone,
          nicolae_sub_station_crystal, uniq_maurice
Temple:   mainiacjoe_temple_cubbyholes
Bailey:   bailey_polearm_flooded_kennysheep, bailey

Skill      XL: |  1  2  3  4  5  6  7  8  9 10 |
---------------+-------------------------------+-----
Dodging        | 1 2 3 |  3.5
Throwing       | 2 |  2.2
Long Blades    | 1 2 3 4 5 |  5.7
Fighting       | 3 4 5 6 |  6.0
Spellcasting   | 1 2 4 5 |  5.7
Short Blades   | 3 |  3.7
Air Magic      | 2 4 6 |  6.4
Shields        | 3 5 |  5.2
Invocations    | 1 3 |  3.7
Maces & Flails | 1 |  1.4
Stealth        | |  3.6

Action                     |  1- 3 |  4- 6 |  7- 9 | 10-12 || total
---------------------------+-------+-------+-------+-------++-------
  Melee: Dagger            |    80 |   232 |    75 |       ||   387
         Tailslap          |     9 |    28 |    67 |     5 ||   109
         Punch             |     1 |     4 |     2 |       ||     7
         Falchion          |       |       |   220 |       ||   220
         Mace              |       |       |    13 |       ||    13
         Morningstar       |       |       |    33 |    19 ||    52
  Throw: Dart              |    27 |     1 |       |       ||    28
         Boomerang         |    21 |    14 |     8 |       ||    43
Ability: Breathe Steam     |       |       |    31 |       ||    31
  Evoke: Wand              |       |       |     1 |       ||     1
    Use: Scroll            |       |     2 |    18 |       ||    20
         Potion            |       |       |     1 |     1 ||     2
   Stab: Sleeping          |     6 |     4 |     3 |       ||    13
 Armour: Skin              |    32 |    75 |   145 |    14 ||   266
  Dodge: Dodged            |    48 |   131 |   150 |    33 ||   362
  Block: Tower shield      |       |       |   262 |    33 ||   295
